 Dungeon Crawl Stone Soup version 0.21-a0-529-g8c7b3f5 (webtiles) character file.

116 slep the Chopper (level 4, 0/34 HPs)
             Began as a Demonspawn Gladiator on Dec 10, 2017.
             Slain by Natasha (8 damage)
             ... on level 3 of the Dungeon.
             The game lasted 00:04:59 (1744 turns).

slep the Chopper (Demonspawn Gladiator)             Turns: 1744, Time: 00:04:59

Health: 0/34       AC:  7    Str: 14    XL:     4   Next: 69%
Magic:  4/4        EV: 13    Int:  9    God:
Gold:   84         SH:  0    Dex: 16    Spells: 3/3 levels left

rFire    . . .     SeeInvis .   a - +0 war axe
rCold    . . .     Gourm    .   (no shield)
rNeg     . . .     Faith    .   b - +0 leather armour
rPois    .         Spirit   .   c - +0 helmet
rElec    .         Reflect  .   (no cloak)
rCorr    .         Harm     .   u - +2 pair of gloves
MR       .....                  (no boots)
Stlth    +.........             (no amulet)
HPRegen  0.11/turn              (no ring)
MPRegen  0.09/turn              (no ring)

@: slowed, very slow
A: claws 1, powered by pain 1, rot immunity
a: no special abilities


You were on level 3 of the Dungeon.
You were not hungry.

You visited 1 branch of the dungeon, and saw 3 of its levels.

You collected 84 gold pieces.

Inventory:

Hand Weapons
 a - a +0 war axe (weapon)
Missiles
 d - 3 throwing nets (quivered)
Armour
 b - a +0 leather armour (worn)
 c - a +0 helmet (worn)
 h - a +0 pair of gloves
 u - a +2 pair of gloves (worn)
Scrolls
 k - 3 scrolls of teleportation {unknown}
 m - a scroll of fog {unknown}
 n - 3 scrolls of enchant weapon {unknown}
 o - a scroll of random uselessness {unknown}
 q - 2 scrolls of identify {unknown}
 s - 2 scrolls of blinking {unknown}
 t - 2 scrolls of noise {unknown}
 v - a scroll of immolation {unknown}
 y - a scroll of fear {unknown}
Potions
 e - 2 potions of heal wounds {unknown}
 g - a potion of haste {unknown}
 i - 3 potions of curing {unknown}
 l - 2 potions of lignification {unknown}
 p - a potion of ambrosia {unknown}
 r - a potion of flight {unknown}
 w - a potion of agility {unknown}
 x - a potion of magic {unknown}
 A - a potion of brilliance {unknown}
Comestibles
 f - a bread ration
 j - 4 fruits


   Skills:
 + Level 2.7 Fighting
 + Level 3.8 Axes
 + Level 2.0 Throwing
 + Level 1.0 Armour
 + Level 3.2 Dodging
 + Level 0.6 Stealth


You had 3 spell levels left.
You didn't know any spells.

Dungeon Overview and Level Annotations

Branches:
Dungeon (3/15)

Altars:

Annotations:
D:2 Terence
D:3 Natasha


Innate Abilities, Weirdness & Mutations

You have sharp fingernails.
You sometimes gain a little power by taking damage.
You are immune to rotting.


Message History

You barely miss the kobold. The kobold hits you but does no damage.
Natasha stares at you and mumbles some strange words.
You feel as though you will be slow longer.
The kobold hits you but does no damage.
Natasha mumbles some strange words.
You feel troubled.
Natasha stares at you and mumbles some strange words.
The magic dart hits you!
You hit Natasha.
Natasha is almost dead.
You completely miss the kobold. The kobold hits you with a whip.
* * * LOW HITPOINT WARNING * * *
Natasha mumbles some strange words.
The kobold barely misses you. Natasha claws you.
* * * LOW HITPOINT WARNING * * *
You closely miss Natasha.
Natasha is almost dead.
Your leather armour prevents you from hitting the kobold.
The kobold closely misses you. Natasha claws you!
You die...

##### ...# ##.## #
###...##### #.##
#...#.....# ....5#####
#.#...###.#
#.....†..###.#.#.###.##
#.....h@..##..###.#...##
#.#.#.#K.....## ##..#)..
##..#.##..###.#...##
##......#.#......(.
#..#.#####.####.##.
#...#.# ### #.##.
.......# #.##. #.....###
#. #. ####.. #. #.


You could see Natasha, a crimson imp and a kobold.

Vanquished Creatures
  A bullfrog skeleton (D:2)
  A hound skeleton (D:3)
  A gnoll (D:1)
  2 adders (D:2)
  An ooze (D:2)
  3 worms (D:2)
  2 leopard geckos
  A ball python (D:1)
  2 giant cockroaches
  7 hobgoblins
  3 jackals (D:1)
  4 bats
  3 frilled lizards (D:2)
  A goblin (D:2)
  5 kobolds
37 creatures vanquished.

Notes
Turn   | Place    | Note
-------+----------+-------------------------------------------
     0 | D:1      | slep the Demonspawn Gladiator began the quest for the Orb.
     0 | D:1      | Reached XP level 1. HP: 16/16 MP: 1/1
     2 | D:1      | Noticed a halfling
     2 | D:1      | Noticed an elf
     4 | D:1      | Noticed a centaur
     4 | D:1      | Noticed a tengu
     6 | D:1      | Noticed a minotaur
     8 | D:1      | Noticed a naga
    10 | D:1      | Noticed a demonspawn
    12 | D:1      | Noticed a formicid
    12 | D:1      | Noticed an ogre
    14 | D:1      | Noticed a demigod
    14 | D:1      | Noticed a spriggan
    16 | D:1      | Noticed a draconian
    16 | D:1      | Noticed an octopode
    19 | D:1      | Noticed a troll
    22 | D:1      | Noticed a human
    22 | D:1      | Noticed a vine stalker
    24 | D:1      | Noticed a dwarf
    24 | D:1      | Noticed a ghoul
    26 | D:1      | Noticed a felid
    26 | D:1      | Noticed a vampire
    28 | D:1      | Noticed a merfolk
    28 | D:1      | Noticed a gargoyle
   260 | D:1      | Gained mutation: You sometimes gain a little power by taking damage. [demonic ancestry]
   260 | D:1      | Reached XP level 2. HP: 19/22 MP: 2/2
   895 | D:2      | Gained mutation: You are immune to rotting. [demonic ancestry]
   895 | D:2      | Reached XP level 3. HP: 22/27 MP: 3/3
  1049 | D:2      | Gained mutation: You have sharp fingernails. [demonic ancestry]
  1049 | D:2      | Reached XP level 4. HP: 3/34 MP: 4/4
  1683 | D:2      | Noticed Terence
  1714 | D:3      | Reached skill level 1 in Armour
  1735 | D:3      | Noticed Natasha
  1744 | D:3      | Slain by Natasha

Vault maps used:
D:1:      kb_arrival_jail, roderic_lattice_a
D:2:      grunt_ministairs_4, uniq_terence
D:3:      first_bread, uniq_natasha

Skill      XL: |  1  2  3  4 |
---------------+-------------+-----
Axes           | 3 |  3.8
Throwing       | 2 |  2.0
Dodging        | 3 |  3.2
Armour         | 1 |  1.0
Fighting       | |  2.7
Stealth        | |  0.6

Action                   |  1- 3 |  4- 6 || total
-------------------------+-------+-------++-------
Melee: War axe           |    71 |    41 ||   112
 Stab: Sleeping          |     1 |     1 ||     2
  Eat: Chunk             |       |     3 ||     3
Armor: Leather armour    |    26 |    17 ||    43
Dodge: Dodged            |    59 |    24 ||    83

Table legend:
 A = Spawn XP
 B = Non-spawn XP
 C = Spawn XP percentage of total XP
 D = Spawn monster count
 E = Non-spawn monster count
 F = Spawn count percentage of total count
 G = Total turns spent on level
                    A         B        C        D         E        F      G
               +---------+---------+-------+---------+---------+-------+---------
         Total |       0 |     166 |   0.0 |       0 |      37 |   0.0 |  1744
               +---------+---------+-------+---------+---------+-------+---------
           D:1 |       0 |      38 |   0.0 |       0 |      13 |   0.0 |   834
           D:2 |       0 |     107 |   0.0 |       0 |      21 |   0.0 |   874
           D:3 |       0 |      21 |   0.0 |       0 |       3 |   0.0 |    36
               +---------+---------+-------+---------+---------+-------+---------
